 Dungeon Crawl Stone Soup version 0.31-a0-728-g01b46875f1 (webtiles) character file.

Game seed: 11736741668641754734

461 LeprechaunX the Changeling (level 7, -4/46 HPs)
             Began as an Octopode Shapeshifter on Sept 11, 2023.
             Killed from afar by Dowan (24 damage)
             ... with a shard of ice
             ... on level 4 of the Dungeon.
             The game lasted 00:02:47 (2818 turns).

LeprechaunX the Changeling (Octopode Shapeshifter)  Turns: 2818, Time: 00:02:48

Health: -4/46      AC:  1    Str: 15    XL:     7   Next: 7%
Magic:  7/7        EV: 14    Int: 12    God:
Gold:   179        SH:  0    Dex: 12    Spells: 6/6 levels left

rFire   . .          .
                       - Unarmed
rCold   . . .        (no shield)
rNeg    . . .        (helmet currently unavailable)
rPois   +            (no amulet)
rElec   .            k - ring of poison resistance
rCorr   .            (no ring)
SInv    .            (no ring)
Will    .....        (no ring)
Stlth   ++           (no ring)
HPRegen 0.27/turn    (no ring)
MPRegen 0.10/turn    (no ring)
                     (no ring)

%: no passive effects
@: beast-form
A: beast (slay +2), almost no armour, amphibious, 8 rings, camouflage 1,
gelatinous body 1, (nimble swimmer 1), tentacles
a: Begin Untransformation


You were on level 4 of the Dungeon.
You were a hulking beast.
You visited 1 branch of the dungeon, and saw 4 of its levels.

You collected 179 gold pieces.

Inventory:

Jewellery
 k - a ring of poison resistance (left tentacle)
Talismans
 b - a beast talisman (active)
 c - a flux talisman
Scrolls
 e - 2 scrolls of acquirement {unknown}
 f - 2 scrolls of identify {unknown}
 h - a scroll of immolation {unknown}
 l - a scroll of noise {unknown}
Potions
 a - a potion of invisibility {unknown}
 d - 2 potions of brilliance {unknown}
 g - a potion of attraction {unknown}
 i - 2 potions of resistance {unknown}
 j - 2 potions of heal wounds {unknown}


   Skills:
 + Level 3.1 Fighting
 + Level 3.6 Dodging
 + Level 4.3 Unarmed Combat
 * Level 5.1 Shapeshifting


You had 6 spell levels left.
You didn't know any spells.
Your spell library contained the following spells:

 Spells                   Type           Power      Damage    Failure   Level
 Kiss of Death            Conj/Necr      0%         2d5       32%         1
 Magic Dart               Conj           0%         1d3       32%         1
 Call Imp                 Summ           0%         N/A       45%         2
 Confusing Touch          Hex            0%         N/A       69%         3
 Mephitic Cloud           Conj/Pois/Air  0%         N/A       69%         3
 Dispel Undead            Necr           0%         3d6       97%         4


Dungeon Overview and Level Annotations

Branches:
Dungeon (4/15)
 Temple: D:4-7

Altars:
Ashenzari
Makhleb
Ru
Wu Jian
Yredelemnul

Annotations:
D:2 1 runed translucent door, Crazy Yiuf
D:4 1 runed translucent door, Dowan; bmack86's ghost, amateur MiFi


Innate Abilities, Weirdness & Mutations

You are a hulking beast.
Your limbs bulge with bestial killing power. (Slay +2)
You cannot wear most types of armour.
You are amphibious.
You can wear up to eight rings at the same time.
Your skin changes colour to match your surroundings (Stealth+).
Your rubbery body absorbs attacks. (AC +1, EV +1)
((You are camouflaged when in or above water. (Stealth+)))
You have tentacles for arms and can constrict up to eight enemies at once.


Message History

Duvessa hits you with a +0 short sword.
You tentacle-slap Duvessa.
Duvessa is heavily wounded.
You constrict Duvessa. Duvessa hits you with a +0 short sword!
You tentacle-slap Duvessa. You squeeze Duvessa, but do no damage.
Duvessa is heavily wounded.
You constrict Duvessa, but do no damage.
Duvessa hits you with a +0 short sword. Duvessa closely misses you.
You tentacle-slap Duvessa but do no damage.
You squeeze Duvessa.
Duvessa is heavily wounded.
You constrict Duvessa. Duvessa hits you with a +0 short sword.
Okay, then.
You tentacle-slap Duvessa. You squeeze Duvessa.
Duvessa is severely wounded.
You constrict Duvessa, but do no damage.
Duvessa closely misses you. Duvessa barely misses you.
You tentacle-slap Duvessa but do no damage.
Duvessa is severely wounded.
You constrict Duvessa. Duvessa hits you with a +0 short sword.
You tentacle-slap Duvessa. You squeeze Duvessa.
You kill Duvessa!
Dowan screams, "No!
No!"
Dowan seems to find hidden reserves of power!
Dowan barely misses you.
Your Fighting skill increases to level 3!
Your Shapeshifting skill increases to level 5!
You have reached level 7!
You tentacle-slap Dowan but do no damage.
Your grab misses Dowan.
Dowan mumbles some strange words.
Dowan blinks!
Unknown command.
You start resting.
Dowan is nearby!
Dowan barely misses you. Dowan casts a spell at you.
The shard of ice hits you!!
Ouch! That really hurt!
You die...

#.##.##...#.#......#.###.##
#.##.###.#..#......# ###
#.##..###...#......#.#
#.######.#..##..e...
#.....##.#..##†..#.# ##
#########...#......# ##.
#.....#..##### ##..
##....#§## ##... ####h#.#
#.... #.e.# #.... #####
#.#.. # ###


You could see Dowan (fast).

Vanquished Creatures
  Sigmund (D:3)
  Duvessa (D:4)
  A scorpion (D:4)
  Jessica (D:2)
  An iguana (D:3)
  2 worms (D:3)
  2 dart slugs (D:4)
  An orc (D:4)
  6 bats
  8 endoplasms
  3 giant cockroaches
  11 hobgoblins
  6 jackals
  3 quokkas
  A ball python (D:1)
  3 frilled lizards
  13 goblins
  6 kobolds
  7 rats
77 creatures vanquished.

Notes
Turn   | Place    | Note
-------+----------+-------------------------------------------
     0 | D:1      | LeprechaunX the Octopode Shapeshifter began the quest for
                  | the Orb.
     0 | D:1      | Reached XP level 1. HP: 13/13 MP: 1/1
   124 | D:1      | Reached XP level 2. HP: 18/18 MP: 2/2
   394 | D:1      | Reached XP level 3. HP: 17/23 MP: 3/3
   773 | D:2      | Noticed Jessica
   783 | D:2      | Killed Jessica
   784 | D:2      | Reached XP level 4. HP: 17/29 MP: 4/4
  1174 | D:2      | Found an ornate altar of the Wu Jian Council.
  1207 | D:2      | Found a runed translucent door.
  1208 | D:2      | Noticed Crazy Yiuf
  1460 | D:3      | Found a broken altar of Ashenzari.
  1464 | D:3      | Found a basalt altar of Yredelemnul.
  1464 | D:3      | Found a sacrificial altar of Ru.
  1690 | D:3      | Noticed Sigmund
  1724 | D:3      | Killed Sigmund
  1725 | D:3      | Reached skill level 4 in Shapeshifting
  1725 | D:3      | Reached XP level 5. HP: 14/35 MP: 5/5
  1725 | D:3      | Reached XP level 6. HP: 16/41 MP: 6/6
  2298 | D:4      | Found a runed translucent door.
  2298 | D:4      | Noticed bmack86's ghost (amateur MiFi)
  2647 | D:4      | Found a burning altar of Makhleb.
  2792 | D:4      | Noticed Duvessa
  2792 | D:4      | Noticed Dowan
  2810 | D:4      | Killed Duvessa
  2811 | D:4      | Reached skill level 5 in Shapeshifting
  2811 | D:4      | Reached XP level 7. HP: 18/46 MP: 7/7
  2818 | D:4      | Killed from afar by Dowan

Illustrated notes

Levels and vault maps discovered:
D:1:      heliophobic_arrival_henge, layout_basic
D:2:      layout_basic, basic_altar, minmay_misc_feat_roman, corner_web_ring,
          due_unseen_surprise, uniq_crazy_yiuf_cottage, uniq_jessica
D:3:      layout_loops_cross, gammafunk_temple_overflow_forgotten, uniq_sigmund
D:4:      layout_loops_cross, mainiacjoe_overflow_24_doors,
          gammafunk_ghost_grave, hangedman_decor_riveting,
          minmay_misc_feat_rugged, uniq_duvessa

Skill      XL: |  1  2  3  4  5  6 |
---------------+-------------------+-----
Fighting       | 2 3 |  3.1
Dodging        | 3 |  3.6
Unarmed Combat | 4 |  4.3
Shapeshifting  | 4 5 |  5.1

Action                     |  1- 3 |  4- 6 |  7- 9 || total
---------------------------+-------+-------+-------++-------
  Melee: Unarmed           |    57 |    97 |     1 ||   155
         Constrict         |    16 |    24 |       ||    40
         Tentacles         |     9 |    28 |       ||    37
         Punch             |     2 |     1 |       ||     3
    Use: Potion            |       |     1 |       ||     1
   Stab: Sleeping          |     6 |     2 |       ||     8
 Armour: Skin              |    14 |    42 |     1 ||    57
  Dodge: Dodged            |    29 |    49 |     1 ||    79

Table legend: (Time is in decaauts)
 A = Elapsed time spent in this place.
 B = Non-inter-level travel time spent in this place.
 C = Inter-level travel time spent in this place.
 D = Time resting spent in this place.
 E = Time spent auto-exploring this place.
 F = Levels seen in this place.
 G = Mean time per level.
                   A        B        C        D        E       F      G
               +--------+--------+--------+--------+--------+-----+--------+
         Total |   2806 |   2731 |     75 |      4 |   2305 |   4 |  701.5 |
       Dungeon |   2806 |   2731 |     75 |      4 |   2305 |   4 |  701.5 |
               +--------+--------+--------+--------+--------+-----+--------+

Top non-repeatable levels by time:
     D:3: 928 daAuts
     D:1: 668 daAuts
     D:2: 610 daAuts
     D:4: 598 daAuts
